 Dungeon Crawl Stone Soup version 0.31-a0-1002-g8e65716e6e (webtiles) character file.

Game seed: 6582223021143658637

733 aks0t the Conjurer (level 7, -2/37 HPs)
             Began as a Deep Elf Conjurer on Nov 10, 2023.
             Slain by a yak (14 damage)
             ... on level 5 of the Dungeon.
             The game lasted 00:05:57 (4089 turns).

aks0t the Conjurer (Deep Elf Conjurer)              Turns: 4089, Time: 00:05:58

Health: -2/37      AC:  2    Str:  4    XL:     7   Next: 45%
Magic:  8/19       EV: 13    Int: 25    God:
Gold:   230        SH:  0    Dex: 13    Spells: 17/20 levels left

rFire   . . .        (no weapon)
rCold   . . .        (no shield)
rNeg    . . .        a - +0 robe
rPois   .            (no helmet)
rElec   .            (no cloak)
rCorr   .            (no gloves)
SInv    +            (no boots)
Will    .....        p - amulet of regeneration
Stlth   ++           d - ring of see invisible
HPRegen 1.06/turn    (no ring)
MPRegen 0.16/turn

%: no passive effects
@: no status effects
A: no striking features
a: no special abilities


You were on level 5 of the Dungeon.
You visited 1 branch of the dungeon, and saw 5 of its levels.

You collected 230 gold pieces.

Inventory:

Missiles
 i - 2 throwing nets
Armour
 a - a +0 robe (worn)
Jewellery
 d - a ring of see invisible (left hand)
 p - an amulet of regeneration (around neck)
Wands
 m - a wand of quicksilver (13)
Scrolls
 f - 3 scrolls of identify {unknown}
 h - a scroll of fog {unknown}
 n - a scroll of fear {unknown}
 o - a scroll of immolation {unknown}
Potions
 b - 2 potions of magic
 c - a potion of ambrosia {unknown}
 e - a potion of heal wounds {unknown}
 g - a potion of brilliance {unknown}
 j - 3 potions of resistance {unknown}
 k - a potion of might {unknown}
 l - a potion of lignification {unknown}


   Skills:
 + Level 0.5 Fighting
 + Level 3.9 Dodging
 + Level 3.5 Stealth
 + Level 7.0 Spellcasting
 + Level 7.6 Conjurations


You had 17 spell levels left.
You knew the following spells:

 Your Spells              Type           Power      Damage    Failure   Level
a - Magic Dart            Conj           100%       1d8       1%          1
b - Searing Ray           Conj           94%        2d7       1%          2

Your spell library contained the following spells:

 Spells                   Type           Power      Damage    Failure   Level
 Dazzling Flash           Conj/Hex       54%        N/A       4%          3
 Fulminant Prism          Conj/Hex       13%        3d9       14%         4
 Iskenderun's Mystic Bla  Conj/Tloc      27%        2d7       14%         4


Dungeon Overview and Level Annotations

Branches:
Dungeon (5/15)
 Temple: D:4-7

Altars:
Fedhas
Yredelemnul


Message History

The magic dart hits the scorpion.
The scorpion is heavily wounded.
The scorpion stings you but does no damage.
The scorpion closely misses you.
Casting: Magic Dart (safe; 1% risk of failure)
Confirm with . or Enter, or press ? or * to list all spells.
Aiming: Searing Ray (safe; 1% risk of failure)
Press: ? - help, Shift-Dir - straight line, f/p - scorpion
Aim: a scorpion (heavily wounded, 82% to hit)
The searing ray misses the scorpion.
The searing ray hits the yak!
The yak is moderately wounded. (Press . to maintain the ray.)
The scorpion barely misses you.
The searing ray hits the scorpion!
The scorpion is almost dead.
The scorpion barely misses you. The yak gores you but does no damage.
The searing ray hits the scorpion.
You kill the scorpion!
The yak barely misses you.
Your Spellcasting skill increases to level 7!
Casting: Searing Ray (safe; 1% risk of failure)
Confirm with . or Enter, or press ? or * to list all spells.
Aiming: Searing Ray (safe; 1% risk of failure)
Press: ? - help, Shift-Dir - straight line, f - yak
Aim: a yak (moderately wounded, 89% to hit)
The searing ray hits the yak.
The yak is moderately wounded. (Press . to maintain the ray.)
The yak gores you.
The searing ray hits the yak.
The yak is heavily wounded.
The yak gores you!
The searing ray hits the yak!
The yak is almost dead.
The yak gores you!
* * * LOW HITPOINT WARNING * * *
The searing ray misses the yak.
You finish channelling your searing ray.
The yak gores you!
You die...

###
..#################
~..........%......##
≈~###############..#
~≈≈# ......†..#.#
#≈≈≈# ......'Y@..#
##≈≈≈## ......######
# #≈≈≈# ..=... #
#≈≈≈##.... #
##≈≈≈##... # #≈ ≈##.
# ## # #


You could see a yak.

Vanquished Creatures
  2 ogres
  A phantom (D:5)
  Blork the orc (D:5)
  A scorpion (D:5)
  2 orc priests
  A jelly (D:4)
  An iguana (D:3)
  3 orc wizards
  3 gnolls (D:3)
  2 adders (D:4)
  A shadow imp (D:5)
  A white imp (D:5)
  2 worms (D:2)
  4 dart slugs
  17 orcs
  4 ball pythons
  8 endoplasms
  7 goblins
  6 hobgoblins
  4 jackals (D:2)
  4 quokkas
  8 bats
  3 frilled lizards (D:2)
  3 kobolds
  6 rats
95 creatures vanquished.

Notes
Turn   | Place    | Note
-------+----------+-------------------------------------------
     0 | D:1      | aks0t the Deep Elf Conjurer began the quest for the Orb.
     0 | D:1      | Reached XP level 1. HP: 10/10 MP: 6/6
   121 | D:1      | Reached XP level 2. HP: 15/15 MP: 0/8
   243 | D:1      | Learned a level 2 spell: Searing Ray
   379 | D:1      | Reached skill level 5 in Conjurations
   775 | D:2      | Reached XP level 3. HP: 5/19 MP: 2/9
  1345 | D:2      | Found a blossoming altar of Fedhas.
  1737 | D:3      | Reached XP level 4. HP: 24/24 MP: 7/11
  2007 | D:3      | Reached XP level 5. HP: 28/28 MP: 6/13
  2587 | D:4      | Reached skill level 5 in Spellcasting
  2706 | D:4      | Reached XP level 6. HP: 24/32 MP: 7/15
  3609 | D:4      | Found a basalt altar of Yredelemnul.
  3653 | D:5      | Entered Level 5 of the Dungeon
  3675 | D:5      | Reached XP level 7. HP: 14/37 MP: 9/18
  3824 | D:5      | Noticed Blork the orc
  3831 | D:5      | Killed Blork the orc
  4020 | D:5      | Identified the +8 war axe of Tinok {heavy, +Blink rN+ Will+
                  | Dex-4}
  4078 | D:5      | Noticed a yak
  4089 | D:5      | Slain by a yak

Illustrated notes

Levels and vault maps discovered:
D:1:      lightli_arrival_maybe_door_vault, layout_rooms, minivault_25
D:2:      layout_basic, basic_altar
D:3:      layout_rooms
D:4:      layout_loops_ring, kennysheep_little_box
D:5:      layout_rooms, kennysheep_opposing_triangles, uniq_blork_the_orc

Skill      XL: |  1  2  3  4  5  6  7 |
---------------+----------------------+-----
Conjurations   | 5 6 7 |  7.6
Spellcasting   | 4 5 6 7 |  7.0
Dodging        | 3 |  3.9
Stealth        | 3 |  3.5
Fighting       | |  0.5

Action                     |  1- 3 |  4- 6 |  7- 9 || total
---------------------------+-------+-------+-------++-------
   Cast: Magic Dart        |    89 |   122 |    16 ||   227
         Searing Ray       |       |     5 |     6 ||    11
 Armour: Robe              |     9 |    33 |     9 ||    51
  Dodge: Dodged            |    15 |    28 |     5 ||    48

Table legend: (Time is in decaauts)
 A = Elapsed time spent in this place.
 B = Non-inter-level travel time spent in this place.
 C = Inter-level travel time spent in this place.
 D = Time resting spent in this place.
 E = Time spent auto-exploring this place.
 F = Levels seen in this place.
 G = Mean time per level.
                   A        B        C        D        E       F      G
               +--------+--------+--------+--------+--------+-----+--------+
         Total |   4091 |   4010 |     81 |    263 |   3273 |   5 |  818.2 |
       Dungeon |   4091 |   4010 |     81 |    263 |   3273 |   5 |  818.2 |
               +--------+--------+--------+--------+--------+-----+--------+

Top non-repeatable levels by time:
     D:2: 1131 daAuts
     D:4: 1108 daAuts
     D:3: 771 daAuts
     D:1: 642 daAuts
     D:5: 436 daAuts
